 Dungeon Sprint DCSS version 0.18-b1-16-g289874d (webtiles) character file.

34233 otab the Executioner (level 14, -4/121 HPs)
             Began as a Formicid Fighter on May 1, 2016.
             Was the Champion of Qazlal.
             Killed from afar by Aizul (17 damage)
             ... with a bolt of poison
             ... in the Dungeon (Sprint V: "Ziggurat Sprint").
             The game lasted 00:04:59 (1190 turns).

otab the Executioner (Formicid Fighter)             Turns: 1190, Time: 00:04:59

Health: -4/121     AC: 37    Str: 24    XL:     14   Next: 12%
Magic:  19/26      EV: 10    Int: 13    God:    Qazlal [******]
Gold:   0          SH: 42    Dex: 20    Spells: 0 memorised, 17 levels left

rFire  + . .     SeeInvis +     J - +14 obsidian axe {chop, +Fly Str+3 SInv *Curse} (curse)
rCold  + . .     Gourm    .     K - +15 Maxwell's patent armour {-Cast -Tele rElec MR+ rCorr}
rNeg   + + +     Faith    .     L - +18 shield of the gong {rElec rN+ MR+ EV-5}
rPois  .         Spirit   .     (helmet unavailable)
rElec  +         Dismiss  .     (no cloak)
rCorr  +         Reflect  .     O - +2 pair of gloves {Dex+3}
SustAt .         Harm     .     P - +2 pair of boots {Stlth+}
MR     +++..     NoCast   +     (no amulet)
Stlth  ..........               B - ring of the Raven {rF+ rC+ rN+ Int+4 Dex-2}
                                C - ring of Shadows {Umbra +Inv rN+ SInv}

@: agile, lethally poisoned (-4 -> -29), protected from electricity, mesmerised,
wreathed by umbra, repel missiles, extremely resistant to hostile enchantments,
extremely unstealthy
A: permanent stasis, dig shafts and tunnels, four strong arms, antennae 3
a: Dig, Upheaval, Elemental Force, Disaster Area, Renounce Religion, Evoke
Invisibility, Evoke Flight


You were in the Dungeon.
You worshipped Qazlal.
Qazlal was exalted by your worship.
You were very hungry.

You visited 1 branch

Inventory:

Hand Weapons
 a - a +5 executioner's axe of venom
 J - the cursed +14 obsidian axe (weapon) {chop, +Fly Str+3 SInv *Curse}
   (You found it in the Dungeon)

   It inflicts extra damage upon your enemies.
   It affects your strength (+3).
   It lets you see invisible.
   It lets you fly.
   It may re-curse itself when equipped.
   It has a curse placed upon it.
Armour
 K - the +15 Maxwell's patent armour (worn) {-Cast -Tele rElec MR+ rCorr}
   (You found it in the Dungeon)

   It insulates you from electricity.
   It affects your resistance to hostile enchantments.
   It prevents spellcasting.
   It prevents most forms of teleportation.
   It protects you from acid and corrosion.
 L - the +18 shield of the gong (worn) {rElec rN+ MR+ EV-5}
   (You found it in the Dungeon)

   It affects your evasion (-5).
   It insulates you from electricity.
   It protects you from negative energy.
   It affects your resistance to hostile enchantments.
 O - a +2 pair of gloves of dexterity (worn)
 P - a +2 pair of boots of stealth (worn)
Rods
 E - a +5 iron rod (11/11)
   (You took it off an orc priest in the Dungeon)
Jewellery
 b - an uncursed ring of protection from fire
 y - a +6 ring of dexterity
 A - a +6 ring of dexterity
 B - the ring of the Raven (right hand) {rF+ rC+ rN+ Int+4 Dex-2}
   (You found it in the Dungeon)

   [ring of protection from cold]

   It affects your intelligence (+4).
   It affects your dexterity (-2).
   It protects you from fire.
   It protects you from cold.
   It protects you from negative energy.
 C - the ring of Shadows (left hand) {Umbra +Inv rN+ SInv}
   (You found it in the Dungeon)

   [ring of positive energy]

   It protects you from negative energy.
   It lets you see invisible.
   It lets you turn invisible.
 D - an uncursed ring of protection from magic
 M - the ring of the Mage {Wiz MR++ Int+3}
   (You took it off a vampire knight in the Dungeon)

   [ring of wizardry]

   It improves your spell success rate.
   It affects your intelligence (+3).
   It affects your resistance to hostile enchantments.
Wands
 c - a wand of hasting (3/9)
 F - a wand of disintegration (7/24)
 G - a wand of iceblast (5/15)
 H - a wand of lightning (5/15)
 I - a wand of acid (5/15)
Scrolls
 k - 4 scrolls of blinking
 q - 4 scrolls of amnesia
 r - 3 scrolls of recharging
 s - 7 scrolls of fog
 t - a scroll of holy word
 u - 5 scrolls of identify
 v - 5 scrolls of remove curse
 w - 2 scrolls of fear
 N - 4 scrolls of enchant armour
Potions
 d - 4 potions of might
 e - 10 potions of curing
 g - 10 potions of heal wounds
 h - 8 potions of haste
 i - 7 potions of magic
 j - 3 potions of berserk rage
 l - 2 potions of brilliance
 m - 2 potions of invisibility
 n - 4 potions of resistance
 p - 5 potions of agility
Miscellaneous
 o - a legendary deck of war
 Q - a phantom mirror
Comestibles
 f - 5 bread rations
 x - 42 fruits
 z - 4 meat rations


   Skills:
 + Level 14.9 Fighting
 * Level 21.2 Axes
 + Level 12.1 Armour
 + Level 3.8 Dodging
 + Level 19.1 Shields
 - Level 2.3 Spellcasting
 * Level 16.6 Invocations
 - Level 2.5 Evocations


You had 17 spell levels left.
You didn't know any spells.

Dungeon Overview and Level Annotations

Branches:
Dungeon (1/1)

Altars:
Ashenzari
Cheibriados
Dithmenos
Elyvilon
Fedhas
Gozag
Kikubaaqudgha
Makhleb
Nemelex Xobeh
Okawaru
Pakellas
Qazlal
Ru
Sif Muna
Trog
Vehumet
Xom
Yredelemnul
Zin
The Shining One
Beogh
Jiyva
Lugonu

Annotations:
D exclusion: Roxanne, Agnes, Aizul, Grum, Nikola, Roxanne, Saint Roka, Wiglaf


Innate Abilities, Weirdness & Mutations

You are under a permanent stasis effect.
You can dig through walls and to a lower floor.
Your four strong arms can wield two-handed weapons with a shield.
You have a pair of large antennae on your head (SInv).


Message History

Nikola is heavily wounded.
The blast of rubble hits Polyphemus.
Polyphemus is almost dead.
The cutting wind hits Polyphemus.
Polyphemus is almost dead.
The blast of magma engulfs Polyphemus.
You kill Polyphemus!
Qazlal accepts your kill.
Your Shields skill increases to level 19!
The blast of rubble hits Wiglaf.
Wiglaf is moderately wounded.
The blast of rubble hits Aizul.
Aizul is almost dead.
Visions of slaying Agnes flood into your mind.
You feel sick. You block Agnes's attack.
GONNNNG!
Aizul casts a spell at you. The bolt of poison hits you!
You are lethally poisoned!
You die...

▓....8©8..
▓§§::)§.§[:...▓..}§}§§.)
▓.§.}:|8[≈≈≈..▓...).[:[:
▓....§..§§≈...▓...§.....
▓....§§§≈≈≈≈≈.▓.....§...
▓.....§§≈.§...▓....(....
▓......§≈§§§§§▓....))...
▓.....Sg§§§§§.▓..▓.)|!.▓
▓.§i@o@.▓ ▓.▓▓▓)()▓▓ ▓
▓▓§)≈≈.▓▓ ▓..▓..(..▓
▓..▓.(§§§.≈▓..▓......(..
▓....≈≈≈≈..≈≈.▓▓▓▓▓▓▓▓▓▓
▓.....≈≈.(≈≈≈.▓....8©8..
▓▓▓▓▓▓▓▓▓▓▓▓▓▓▓...}".)})
▓...§..[.}


{{{{{{{{{ ▓...§§§§.. {{{{{{{{{ ▓......... You could see Saint Roka (invisible),
Nikola, Roxanne, Aizul, Wiglaf and Agnes.

Vanquished Creatures
  Norris (D)
  A lich (D)
  Rupert (D)
  Polyphemus (D)
  Frances (D)
  Donald (D)
  Louise (D)
  2 vampire knights (D)
  Azrael (D)
  Josephine (D)
  2 hydras (D)
  Harold (D)
  Erica (D)
  A dancing weapon (D)
  2 vampire magi (D)
  3 soul eaters (D)
  Sonja (D)
  A skeletal warrior (D)
  A deep elf mage (D)
  A deep elf archer (D)
  A necromancer (D)
  3 cyclopes (D)
  2 eyes of devastation (D)
  Maurice (D)
  A torpor snail (D)
  A spiny frog (D)
  Psyche (D)
  A spiny frog (shapeshifter) (D)
  A komodo dragon (D)
  2 trolls (D)
  A jumping spider (D)
  A wind drake (D)
  Prince Ribbit (D)
  Grinder (D)
  5 two-headed ogres (D)
  2 slime creatures (D)
  2 air elementals (D)
  A vampire (D)
  2 golden eyes (D)
  Edmund (D)
  3 insubstantial wisps (D)
  2 water moccasins (D)
  2 orc warriors (D)
  An ice beast (D)
  A necrophage (D)
  2 ogres (D)
  3 crocodiles (D)
  2 giant frogs (D)
  2 earth elementals (D)
  Dowan (D)
  4 scorpions (D)
  2 wights (D)
  3 orc priests (D)
  A jelly (D)
  Crazy Yiuf (D)
  Ijyb (D)
  Terence (D)
  An orc wizard (D)
  An iguana (D)
  A white imp (D)
  2 oozes (D)
  2 adder zombies (D)
  2 adder skeletons (D)
  2 orcs (D)
  A spectral bat (D)
  3 bat skeletons (D)
  A bat zombie (D)
  A ball python zombie (D)
  A giant cockroach simulacrum (D)
  2 giant gecko skeletons (D)
108 creatures vanquished.

Vanquished Creatures (collateral kills)
  Urug (D)
  An ice beast (D)
2 creatures vanquished.

Grand Total: 110 creatures vanquished

Notes
Turn   | Place    | Note
--------------------------------------------------------------
     0 | D        | otab the Formicid Fighter began the quest for the Orb.
     0 | D        | Reached XP level 1. HP: 18/18 MP: 1/1
     0 | D        | Found a viscous altar of Jiyva.
     0 | D        | Found a roughly hewn altar of Beogh.
     0 | D        | Found a corrupted altar of Lugonu.
     0 | D        | Found a white marble altar of Elyvilon.
     0 | D        | Found a sparkling altar of Nemelex Xobeh.
     1 | D        | Found a burning altar of Makhleb.
     1 | D        | Found an iron altar of Okawaru.
     1 | D        | Found a deep blue altar of Sif Muna.
     1 | D        | Found a radiant altar of Vehumet.
     1 | D        | Found a bloodstained altar of Trog.
     1 | D        | Found a shimmering altar of Xom.
    59 | D        | Reached skill level 4 in Axes
    59 | D        | Reached XP level 2. HP: 25/25 MP: 1/5
    76 | D        | Became a worshipper of Qazlal Stormbringer
   102 | D        | Entered arena 1.
   102 | D        | Noticed a jumping spider
   102 | D        | Noticed a scorpion
   104 | D        | Killed a scorpion
   104 | D        | Reached skill level 5 in Fighting
   104 | D        | Reached skill level 5 in Armour
   104 | D        | Reached skill level 5 in Shields
   104 | D        | Reached XP level 3. HP: 33/33 MP: 6/6
   104 | D        | Reached XP level 4. HP: 39/39 MP: 7/7
   109 | D        | Killed a jumping spider
   109 | D        | Reached skill level 6 in Axes
   109 | D        | Reached skill level 5 in Invocations
   109 | D        | Reached XP level 5. HP: 47/47 MP: 8/8
   109 | D        | Reached XP level 6. HP: 53/53 MP: 9/9
   110 | D        | Entered arena 2.
   114 | D        | Reached * piety under Qazlal
   117 | D        | Reached XP level 7. HP: 61/61 MP: 9/11
   123 | D        | Got the ring "Lap Puit" {SustAt rElec}
   126 | D        | Entered arena 3.
   128 | D        | Reached ** piety under Qazlal
   129 | D        | Reached skill level 7 in Axes
   138 | D        | Entered arena 4.
   140 | D        | Reached *** piety under Qazlal
   143 | D        | Reached **** piety under Qazlal
   143 | D        | Reached skill level 8 in Axes
   156 | D        | Entered arena 5.
   156 | D        | Noticed a two-headed ogre
   156 | D        | Noticed a troll
   156 | D        | Noticed a two-headed ogre
   156 | D        | Noticed a two-headed ogre
   156 | D        | Noticed a two-headed ogre
   159 | D        | Killed a two-headed ogre
   159 | D        | Reached skill level 10 in Shields
   159 | D        | Reached XP level 8. HP: 55/70 MP: 13/13
   159 | D        | Killed a two-headed ogre
   159 | D        | Reached skill level 9 in Axes
   161 | D        | Killed a two-headed ogre
   162 | D        | Killed a two-headed ogre
   162 | D        | Reached XP level 9. HP: 48/78 MP: 13/15
   163 | D        | Killed a troll
   163 | D        | Reached skill level 10 in Axes
   288 | D        | Entered arena 6.
   288 | D        | Noticed a spiny frog
   288 | D        | Noticed a deep elf archer
   288 | D        | Noticed a deep elf mage
   288 | D        | Noticed a hand axe of flaming
   292 | D        | Killed a hand axe of flaming
   292 | D        | Reached skill level 10 in Fighting
   292 | D        | Reached skill level 11 in Axes
   292 | D        | Killed a spiny frog
   292 | D        | Reached ***** piety under Qazlal
   292 | D        | Reached skill level 10 in Invocations
   294 | D        | Killed a deep elf mage
   294 | D        | Reached skill level 12 in Axes
   294 | D        | Reached skill level 10 in Armour
   294 | D        | Reached XP level 10. HP: 73/86 MP: 15/17
   314 | D        | Killed a deep elf archer
   317 | D        | Got the ring of the Raven {rF+ rC+ rN+ Int+4 Dex-2}
   323 | D        | Entered arena 7.
   332 | D        | Reached skill level 13 in Axes
   343 | D        | Got the ring "Zaimuc" {Wiz rElec rF+ rC-}
   351 | D        | Entered arena 8.
   351 | D        | Noticed a cyclops
   351 | D        | Noticed a cyclops
   351 | D        | Noticed a cyclops
   359 | D        | Killed a cyclops
   360 | D        | Killed a cyclops
   360 | D        | Reached XP level 11. HP: 55/95 MP: 19/19
   360 | D        | Reached skill level 14 in Axes
   363 | D        | Killed a cyclops
   363 | D        | Reached ****** piety under Qazlal
   560 | D        | Entered arena 9.
   580 | D        | Entered arena 10.
   591 | D        | Reached skill level 15 in Axes
   606 | D        | Entered arena 11.
   606 | D        | Noticed a vampire mage
   606 | D        | Noticed a vampire knight
   606 | D        | Noticed a vampire knight
   606 | D        | Noticed a vampire mage
   606 | D        | Noticed a skeletal warrior
   607 | D        | Noticed a lich
   608 | D        | Noticed a necromancer
   609 | D        | Noticed a jiangshi
   609 | D        | Noticed a shadow wraith
   615 | D        | Killed a vampire knight
   616 | D        | Noticed a soul eater
   619 | D        | Killed a lich
   619 | D        | Reached skill level 16 in Axes
   619 | D        | Reached XP level 12. HP: 80/103 MP: 17/21
   622 | D        | Killed a vampire knight
   622 | D        | Reached skill level 15 in Shields
   629 | D        | Killed a skeletal warrior
   629 | D        | Reached skill level 17 in Axes
   629 | D        | Killed a vampire mage
   630 | D        | Killed a vampire mage
   726 | D        | Entered arena 12.
   727 | D        | Noticed Frances
   727 | D        | Noticed Urug
   727 | D        | Noticed Josephine
   728 | D        | Noticed a sun demon
   738 | D        | Killed Frances
   741 | D        | Killed Josephine
   742 | D        | Killed Urug
   742 | D        | Reached skill level 18 in Axes
   747 | D        | Got the ring of Freedom {+Fly rF+}
   756 | D        | Entered arena 13.
   757 | D        | Noticed a soul eater
   757 | D        | Noticed a soul eater
   758 | D        | Noticed a soul eater
   767 | D        | Killed a soul eater
   768 | D        | Killed a soul eater
   773 | D        | Killed a soul eater
   787 | D        | Entered arena 14.
   788 | D        | Noticed a five-headed hydra
   788 | D        | Noticed a four-headed hydra
   795 | D        | Reached XP level 13. HP: 106/113 MP: 22/24
   799 | D        | Killed an 11-headed hydra
   799 | D        | Killed a nine-headed hydra
   799 | D        | Reached skill level 19 in Axes
   799 | D        | Reached skill level 15 in Invocations
   958 | D        | Entered arena 15.
   959 | D        | Noticed Grinder
   959 | D        | Noticed Edmund
   959 | D        | Noticed Louise
   959 | D        | Noticed Azrael
   959 | D        | Noticed Sonja
   959 | D        | Noticed Maurice
   959 | D        | Noticed Grum
   959 | D        | Noticed Psyche
   959 | D        | Noticed Rupert
   961 | D        | Noticed Norris
   961 | D        | Noticed Ijyb
   964 | D        | Killed Edmund
   968 | D        | Killed Azrael
   968 | D        | Killed Psyche
   971 | D        | Killed Maurice
   975 | D        | Killed Grinder
   975 | D        | Killed Sonja
   977 | D        | Killed Rupert
   981 | D        | Killed Ijyb
   991 | D        | Killed Norris
   991 | D        | Reached skill level 20 in Axes
   993 | D        | Killed Louise
  1169 | D        | Entered arena 16.
  1171 | D        | Noticed Harold
  1171 | D        | Noticed Terence
  1171 | D        | Noticed Donald
  1171 | D        | Noticed Aizul
  1171 | D        | Noticed Prince Ribbit
  1172 | D        | Noticed Saint Roka
  1172 | D        | Noticed Erica
  1172 | D        | Noticed Crazy Yiuf
  1172 | D        | Noticed Polyphemus
  1172 | D        | Noticed Agnes
  1172 | D        | Noticed Roxanne
  1173 | D        | Noticed Nikola
  1173 | D        | Noticed Wiglaf
  1173 | D        | Noticed Dowan
  1177 | D        | Killed Terence
  1179 | D        | Killed Prince Ribbit
  1182 | D        | Killed Donald
  1185 | D        | Killed Erica
  1185 | D        | Reached XP level 14. HP: 78/121 MP: 26/26
  1185 | D        | Killed Crazy Yiuf
  1190 | D        | Killed Dowan
  1190 | D        | Killed Harold
  1190 | D        | Reached skill level 21 in Axes
  1190 | D        | Killed Polyphemus
  1190 | D        | Killed from afar by Aizul

Skill      XL: |  1  2  3  4  5  6  7  8  9 10 11 12 13 14 |
---------------+-------------------------------------------+-----
Fighting       | 4 5 6 7 8 9 10 11 12 14 | 14.9
Axes           | 4 6 8 9 12 13 16 18 20 21 | 21.2
Armour         | 4 5 6 7 8 9 10 11 12 | 12.1
Dodging        | 2 3 |  3.8
Shields        | 4 5 7 8 10 12 13 14 16 18 19 | 19.1
Spellcasting   | 2 |  2.3
Evocations     | 2 |  2.5
Invocations    | 2 5 6 7 8 10 11 13 14 16 | 16.6

Action                   |  1- 3 |  4- 6 |  7- 9 | 10-12 | 13-15 || total
-------------------------+-------+-------+-------+-------+-------++-------
Melee: Broad axe         |     1 |     7 |    17 |   104 |    54 ||   183
Invok: Upheaval          |       |       |       |     1 |       ||     1
       Disaster Area     |       |       |       |       |     1 ||     1
  Use: Potion            |     1 |       |       |     1 |     2 ||     4
       Scroll            |       |       |       |     2 |       ||     2
 Stab: Distracted        |       |       |       |     1 |       ||     1
Armor: Plate armour      |       |     5 |     9 |    30 |    27 ||    71
Dodge: Dodged            |       |       |     3 |     5 |    12 ||    20
       Deflected         |       |       |       |       |     3 ||     3
Block: Shield            |     1 |    12 |    28 |   155 |   107 ||   303
